 Dungeon Crawl Stone Soup version 0.21.0 (webtiles) character file.

60 Hekarica the Sneak (level 4, 0/40 HPs)
             Began as a Naga Assassin on May 20, 2018.
             Slain by a jackal (2 damage)
             ... on level 2 of the Dungeon.
             The game lasted 00:06:23 (1553 turns).

Hekarica the Sneak (Naga Assassin)                  Turns: 1553, Time: 00:06:24

Health: 0/40       AC:  3    Str: 14    XL:     4   Next: 6%
Magic:  4/4        EV:  9    Int: 11    God:
Gold:   63         SH:  0    Dex: 13    Spells: 3/3 levels left

rFire    . . .     SeeInvis +   a - +2 dagger
rCold    . . .     Gourm    .   (no shield)
rNeg     . . .     Faith    .   k - +0 leather armour
rPois    +         Spirit   .   (no helmet)
rElec    .         Reflect  .   d - +0 cloak
rCorr    .         Harm     .   (no gloves)
MR       .....                  (no barding)
Stlth    +++.......             (no amulet)
HPRegen  0.13/turn              (no ring)
MPRegen  0.09/turn              (no ring)

@: very slow
A: large, see invisible, deformed body, poison resistance, slowness 2, slow
metabolism 1, spit poison 1, AC +1
a: Spit Poison


You were on level 2 of the Dungeon.
You were not hungry.

You visited 1 branch of the dungeon, and saw 2 of its levels.

You collected 63 gold pieces.

Inventory:

Hand Weapons
 a - a +2 dagger (weapon)
 b - a +0 blowgun
Missiles
 c - 20 bolts
 e - 8 poisoned needles
 f - 2 curare-tipped needles
 l - 14 arrows
Armour
 d - a +0 cloak (worn)
 k - a +0 leather armour (worn)
Scrolls
 h - a scroll of remove curse {unknown}
 j - 2 scrolls of identify {unknown}
Potions
 i - 2 potions of lignification {unknown}
 m - 2 potions of cancellation {unknown}
Comestibles
 g - 2 rations


   Skills:
 + Level 2.5 Fighting
 + Level 2.6 Short Blades
 - Level 1.7 Throwing
 + Level 1.4 Dodging
 * Level 6.9 Stealth


You had 3 spell levels left.
You didn't know any spells.

Dungeon Overview and Level Annotations

Branches:
Dungeon (2/15)

Altars:


Innate Abilities, Weirdness & Mutations

You cannot wear boots.
Your serpentine skin is tough. (AC +1)
You have supernaturally acute eyesight. (SInv)
Armour fits poorly on your strangely shaped body.
Your system is resistant to poisons. (rPois)
You cover ground very slowly.
You have a slow metabolism.
You can spit poison.


Message History

You hit the adder.
The adder is almost dead.
The adder closely misses you. The jackal closely misses you.
You closely miss the adder.
The adder is almost dead.
The adder bites you.
* * * LOW HITPOINT WARNING * * *
The jackal bites you.
* * * LOW HITPOINT WARNING * * *
The adder closely misses you.
You barely miss the adder.
The adder is almost dead.
The jackal bites you.
* * * LOW HITPOINT WARNING * * *
The adder bites you but does no damage.
You closely miss the adder.
The adder is almost dead.
The jackal bites you but does no damage.
The adder closely misses you. The jackal bites you.
You die...

#.. .. .# .
#.###.###.# #.
#.#........
##.######.......>..
........#.#.......)
#.........#........
#......h...........
..####S###........
#@h..........
.#####...........
.........####.#.#
..######.## ...
#..# #.# #.#. ##.#
........ #.#
##.#.#.#.
...#####.#
#........ #.......#
###.#.#.#.


You could see an adder and 2 jackals.

Vanquished Creatures
  An ooze (D:1)
  2 dart slugs
  A leopard gecko (D:1)
  5 giant cockroaches
  5 goblins
  9 hobgoblins
  6 jackals (D:1)
  5 bats
  3 frilled lizards
  5 kobolds
  3 rats (D:1)
45 creatures vanquished.

Notes
Turn   | Place    | Note
-------+----------+-------------------------------------------
     0 | D:1      | Hekarica the Naga Assassin began the quest for the Orb.
     0 | D:1      | Reached XP level 1. HP: 19/19 MP: 1/1
    69 | D:1      | Reached skill level 6 in Stealth
    77 | D:1      | Reached skill level 1 in Dodging
    77 | D:1      | Reached XP level 2. HP: 3/26 MP: 2/2
   537 | D:1      | Reached XP level 3. HP: 24/32 MP: 3/3
  1389 | D:2      | Reached XP level 4. HP: 28/40 MP: 4/4
  1552 | D:2      | HP: 2/40 [jackal (1)]
  1553 | D:2      | Slain by a jackal

Skill      XL: |  1 |
---------------+----+-----
Stealth        | 6 |  6.9
Dodging        | 1 |  1.4
Fighting       | |  2.5
Short Blades   | |  2.6
Throwing       | |  1.7

Action                   |  1- 3 |  4- 6 || total
-------------------------+-------+-------++-------
Melee: Dagger            |   134 |    24 ||   158
 Stab: Sleeping          |     8 |       ||     8
  Eat: Ration            |       |     1 ||     1
Armor: Robe              |    16 |       ||    16
       Leather armour    |    14 |     8 ||    22
Dodge: Dodged            |    60 |    20 ||    80
